 Dungeon Crawl Stone Soup version 0.22.0-6-g71bd7aa (webtiles) character file.

63 Azzok the Digger (level 4, -2/24 HPs)
             Began as a Gargoyle Earth Elementalist on Aug 14, 2018.
             Slain by Terence
             ... wielding a +0 mace
              (6 damage)
             ... on level 2 of the Dungeon.
             The game lasted 00:02:47 (1714 turns).

Azzok the Digger (Gargoyle Earth Elementalist)      Turns: 1714, Time: 00:02:47

Health: -2/24      AC:  5    Str: 12    XL:     4   Next: 10%
Magic:  0/7        EV: 12    Int: 16    God:
Gold:   73         SH:  0    Dex: 10    Spells: 3/7 levels left

rFire    . . .     SeeInvis .   e - +0 short sword
rCold    . . .     Gourm    .   (no shield)
rNeg     + . .     Faith    .   c - +0 robe
rPois    ∞         Spirit   .   (no helmet)
rElec    +         Reflect  .   (no cloak)
rCorr    .         Harm     .   (no gloves)
MR       .....                  (no boots)
Stlth    ++........             (no amulet)
HPRegen  0.08/turn              (no ring)
MPRegen  0.10/turn              (no ring)

@: no status effects
A: negative energy resistance 1, electricity resistance, unbreathing,
petrification resistance, rot immunity, AC +3
a: no special abilities


You were on level 2 of the Dungeon.
You were not hungry.

You visited 1 branch of the dungeon, and saw 2 of its levels.

You collected 73 gold pieces.

Inventory:

Hand Weapons
 e - a +0 short sword (weapon)
Missiles
 b - 26 stones (quivered)
Armour
 a - a +0 buckler
 c - a +0 robe (worn)
Jewellery
 n - an uncursed ring of protection from magic {unknown}
Scrolls
 f - a scroll of amnesia {unknown}
 g - a scroll of fog {unknown}
 h - 2 scrolls of magic mapping {unknown}
 k - a scroll of random uselessness {unknown}
 o - a scroll of teleportation {unknown}
 p - a scroll of remove curse {unknown}
Potions
 i - a potion of cancellation {unknown}
 j - a potion of ambrosia {unknown}
 m - 2 potions of agility {unknown}
 q - a potion of brilliance {unknown}
Comestibles
 d - 2 rations
 l - 2 chunks of flesh


   Skills:
 - Level 2.0 Dodging
 - Level 2.8 Stealth
 - Level 2.3 Spellcasting
 + Level 1.0 Conjurations
   Level 0.7 Transmutations
 + Level 4.6 Earth Magic


You had 3 spell levels left.
You knew the following spells:

 Your Spells              Type           Power        Failure   Level  Hunger
a - Sandblast             Erth           ###...       3%          1    #......
b - Stone Arrow           Conj/Erth      ##....       19%         3    ###....

Your spell library contained the following spells:

 Spells                   Type           Power        Failure   Level  Hunger
 Passwall                 Tmut/Erth      ##......     10%         2    ###....
 Lee's Rapid Deconstruct  Erth           ###.......   63%         5    ######.
 Petrify                  Tmut/Erth      ##......     54%         4    #####..


Dungeon Overview and Level Annotations

Branches:
Dungeon (2/15)

Altars:

Annotations:
D:2 Terence


Innate Abilities, Weirdness & Mutations

You are resistant to torment.
Your stone body is resilient. (AC +3)
You are immune to poison.
You resist negative energy. (rN+)
You are resistant to electric shocks. (rElec)
You can survive without breathing.
You are immune to petrification.
You are immune to rotting.


Message History

Terence hits you with a mace!
Casting: Sandblast (safe; 3% risk of failure)
Confirm with . or Enter, or press ? or * to list all spells.
You don't have enough magic to cast that spell.
You hit Terence but do no damage.
Terence is lightly wounded.
A goblin comes into view. It is wielding a club.
Terence hits you with a mace.
The goblin shouts!
You hit Terence.
Terence is moderately wounded.
Terence barely misses you.
You hit Terence.
Terence is moderately wounded.
Terence hits you with a mace!
* * * LOW HITPOINT WARNING * * *
You barely miss Terence.
Terence is moderately wounded.
Terence hits you with a mace.
You die...

·▒ ▒·▒
▒▒▒▒·▒▒▒▒▒▒ ▒··
▒· ▒·········▒
·· ▒·
▒·········▒ ▒·
▒· ▒··········
▒·
▒·▒▒%·>······▒
▒▒· ▒··▒·%·▒
▒·· ▒▒▒▒·▒▒·▒▒
▒·▒ ▒····@@g▒ ▒
▒··>·▒▒▒▒
▒·▒···▒ ▒▒
▒·▒·▒·▒ ··
▒·▒·▒·▒▒▒▒▒ ▒▒
▒·········▒ ··
▒▒·▒·▒▒▒▒·▒ ▒▒
···
▒·▒··▒▒▒·▒▒▒···
▒·▒
▒·▒▒·······[·▒


You could see Terence and a goblin.

Vanquished Creatures
  2 adders (D:2)
  An ooze (D:2)
  2 dart slugs (D:1)
  A leopard gecko (D:1)
  4 giant cockroaches
  2 goblins (D:1)
  A hobgoblin (D:2)
  3 jackals (D:1)
  7 kobolds (D:1)
  7 bats
  2 frilled lizards (D:1)
  2 rats
34 creatures vanquished.

Notes
Turn   | Place    | Note
-------+----------+-------------------------------------------
     0 | D:1      | Azzok the Gargoyle Earth Elementalist began the quest for the Orb.
     0 | D:1      | Reached XP level 1. HP: 10/10 MP: 3/3
   267 | D:1      | Reached XP level 2. HP: 15/15 MP: 5/5
   772 | D:1      | Reached skill level 4 in Earth Magic
   800 | D:1      | Reached XP level 3. HP: 19/19 MP: 1/6
  1432 | D:2      | Learned a level 3 spell: Stone Arrow
  1702 | D:2      | Noticed Terence
  1708 | D:2      | Reached skill level 1 in Conjurations
  1708 | D:2      | Reached XP level 4. HP: 21/24 MP: 2/7
  1714 | D:2      | Slain by Terence

Skill      XL: |  1  2  3 |
---------------+----------+-----
Earth Magic    | 4 |  4.6
Dodging        | 2 |  2.0
Conjurations   | 1 |  1.0
Stealth        | |  2.8
Spellcasting   | |  2.3
Transmutations | |  0.7

Action                   |  1- 3 |  4- 6 || total
-------------------------+-------+-------++-------
Melee: Short sword       |   103 |     4 ||   107
 Cast: Sandblast         |    17 |     3 ||    20
       Stone Arrow       |     1 |       ||     1
 Stab: Sleeping          |     3 |       ||     3
  Eat: Chunk             |     3 |       ||     3
Armor: Robe              |    49 |       ||    49
Dodge: Dodged            |    80 |     2 ||    82
